 Dungeon Crawl Stone Soup version 0.16-a0-3325-g64f94fb (webtiles) character file.

1110 BluebellGnoll the Magician (level 8, 0/41 HPs)
             Began as a Deep Elf Earth Elementalist on Dec 27, 2014.
             Was an Initiate of Vehumet.
             Shot with an arrow by a centaur (14 damage)
             ... on level 5 of the Dungeon.
             The game lasted 00:27:28 (4957 turns).

BluebellGnoll the Magician (DEEE)                   Turns: 4957, Time: 00:27:29

Health: 0/41       AC:  8    Str:  5    XL:     8   Next: 11%
Magic:  23/26      EV: 13    Int: 23    God:    Vehumet [......]
Gold:   215        SH:  0    Dex: 15    Spells: 4 memorised, 13 levels left

rFire  . . .     SeeInvis .     b - 120 stones
rCold  . . .     Clarity  +     E - +2 leather armour {rPois}
rNeg   . . .     SustAb   .     (no shield)
rPois  +         Gourm    .     (no helmet)
rElec  .         Spirit   .     (no cloak)
rCorr  .         Warding  .     (no gloves)
rMut   .         Stasis   .     (no boots)
MR     .....                    q - amulet of clarity
Stlth  +++.......               (no ring)
                                (no ring)

@: stone skin, not resistant to hostile enchantments, fairly stealthy
A: no striking features
a: Renounce Religion


You were on level 5 of the Dungeon.
You worshipped Vehumet.
Vehumet was noncommittal.
You were not hungry.

You visited 2 branches of the dungeon, and saw 6 of its levels.

You collected 215 gold pieces.

Inventory:

Hand weapons
 a - a +2 short sword of venom
 m - a +0 dagger of draining
 t - a +0 shortbow
Missiles
 b - 120 stones (in hand)
 r - 63 arrows
Armour
 c - a +0 robe
 E - a +2 leather armour of poison resistance (worn)
Jewellery
 q - an amulet of clarity (around neck)
Magical devices
 y - a wand of slowing (0)
Scrolls
 e - 5 scrolls of remove curse
 g - 2 scrolls of magic mapping
 l - 2 scrolls of fear
 n - a scroll of identify
 o - 2 scrolls of immolation
 p - a scroll of blinking
Potions
 v - a potion of brilliance
 B - a potion of agility
Books
 d - a book of Geomancy

   Spells                             Type                      Level
   a - Sandblast                      Earth                        1
   b - Stoneskin                      Transmutation/Earth          2
   c - Passwall                       Transmutation/Earth          3
   d - Stone Arrow                    Conjuration/Earth            3
   e - Petrify                        Transmutation/Earth          4
   f - Lee's Rapid Deconstruction     Earth                        5
 k - the Volume of Supportive Malediction
   (You found it on level 5 of the Dungeon)

   Spells                             Type                      Level
   a - Ensorcelled Hibernation        Hexes/Ice                    2
   b - Tukima's Dance                 Hexes                        3
   c - Recall                         Summoning/Translocation      3
   d - Enslavement                    Hexes                        4
   e - Shadow Creatures               Summoning                    5
Comestibles
 z - 2 meat rations
 C - 2 bread rations


   Skills:
 * Level 4.8 Dodging
 * Level 5.5 Stealth
 - Level 7.4 Spellcasting
 - Level 2.4 Conjurations
 - Level 1.1 Transmutations
 - Level 6.8 Earth Magic


You had 13 spell levels left.
You knew the following spells:

 Your Spells              Type           Power        Failure   Level  Hunger
a - Sandblast             Erth           #####.       1%          1    None
b - Stoneskin             Trmt/Erth      ####....     2%          2    None
c - Stone Arrow           Conj/Erth      ####..       3%          3    None
d - Ensorcelled Hibernat  Hex/Ice        #.....       14%         2    None


Dungeon Overview and Level Annotations

Branches:
Dungeon (5/15)             Temple (1/1) D:5

Altars:
Ashenzari
Cheibriados
Elyvilon
Gozag
Kikubaaqudgha
Makhleb
Okawaru
Qazlal
Ru
Sif Muna
Trog
Vehumet
Xom
Zin

Annotations:
D:4 Sigmund


Message History

Throwing (i - inventory):
b - 120 stones (in hand)
Press: ? - help, Shift-Dir - straight line, f - centaur
Aim: a centaur, wielding a shortbow
Okay, then.
The centaur shoots an arrow.
The arrow completely misses you.
The centaur shoots an arrow.
The arrow hits you!
You see here an arrow.
The centaur shoots an arrow.
The arrow hits you.
You see here an arrow.
Drink which item? (? for menu, Esc to quit)
It was a potion of cure mutation.
It has a very clean taste.
Casting: Stoneskin
Confirm with . or Enter, or press ? or * to list all spells.
Aiming: Stone Arrow
Press: ? - help, Shift-Dir - straight line, f - centaur
Aim: a centaur, wielding a shortbow The stone arrow hits the centaur.
The centaur is severely wounded.
The centaur shoots an arrow.
The arrow hits you!
You die...

#..........#
#..........#
#..........#
#######..........#
#................#
#.#####..........#
#.################
#...........$...,,
#@#...#...#...#.,,
#.(...c..........,
###...#.(.#...#.,,
#...(...........,
###############**


You could see a centaur.

Vanquished Creatures
  The ghost of Kemay the Insei, an average OpTm of Sif Muna (D:5)
  Eustachio (D:4)
  Edmund (D:5)
  2 centaurs (D:5)
  A scorpion (D:3)
  A centaur zombie (D:5)
  2 orc priests
  A hound (D:4)
  An iguana (D:4)
  2 orc wizards
  4 worker ants
  10 adders
  3 worms
  3 giant geckos
  An ooze (D:2)
  9 orcs
  7 bats
  4 giant cockroaches
  11 goblins
  3 hobgoblins (D:2)
  6 jackals (D:3)
  3 quokkas
  3 ball pythons
  A giant gecko skeleton (D:4)
  A giant newt (D:4)
  4 kobolds
  10 rats
96 creatures vanquished.

Vanquished Creatures (others)
  An orc (D:4)
  A quokka (D:4)
2 creatures vanquished.

Grand Total: 98 creatures vanquished

Notes
Turn   | Place    | Note
--------------------------------------------------------------
     0 | D:1      | BluebellGnoll, the Deep Elf Earth Elementalist, began the quest for the Orb.
     0 | D:1      | Reached XP level 1. HP: 10/10 MP: 5/5
   284 | D:1      | Reached XP level 2. HP: 12/15 MP: 1/8
   351 | D:1      | Learned a level 2 spell: Stoneskin
   382 | D:1      | Reached skill level 4 in Spellcasting
   852 | D:2      | Reached XP level 3. HP: 19/19 MP: 13/13
   894 | D:2      | Reached skill level 5 in Spellcasting
  1183 | D:2      | Learned a level 3 spell: Stone Arrow
  1226 | D:2      | Reached XP level 4. HP: 24/24 MP: 14/18
  1354 | D:2      | Reached skill level 6 in Spellcasting
  1828 | D:3      | Reached skill level 7 in Spellcasting
  1828 | D:3      | Reached XP level 5. HP: 14/28 MP: 2/21
  2522 | D:3      | Reached skill level 1 in Conjurations
  2840 | D:4      | Reached XP level 6. HP: 29/32 MP: 10/23
  3076 | D:4      | Noticed Sigmund
  3188 | D:4      | Noticed Eustachio
  3265 | D:4      | Killed Eustachio
  3265 | D:4      | Reached skill level 5 in Earth Magic
  3287 | D:4      | Found a white marble altar of Elyvilon.
  3513 | D:5      | Entered Level 5 of the Dungeon
  3516 | D:5      | Reached XP level 7. HP: 36/36 MP: 15/25
  3843 | D:5      | Found a burning altar of Makhleb.
  4100 | D:5      | Noticed Edmund
  4192 | D:5      | Killed Edmund
  4419 | D:5      | Identified the Volume of Supportive Malediction
  4432 | D:5      | Learned a level 2 spell: Ensorcelled Hibernation
  4473 | D:5      | Found a staircase to the Ecumenical Temple.
  4482 | Temple   | Entered the Ecumenical Temple
  4490 | Temple   | Became a worshipper of Vehumet
  4589 | D:5      | Noticed Kemay's ghost (average OpTm)
  4613 | D:5      | Killed Kemay's ghost
  4722 | D:5      | Reached skill level 5 in Stealth
  4722 | D:5      | Reached XP level 8. HP: 41/41 MP: 11/26
  4957 | D:5      | Shot with an arrow by a centaur

Action                   |  1- 3 |  4- 6 |  7- 9 || total
-------------------------+-------+-------+-------++-------
Melee: Dagger            |    10 |    34 |    10 ||    54
       Short sword       |       |       |     1 ||     1
 Cast: Sandblast         |    38 |    55 |    21 ||   114
       Stone Arrow       |       |    31 |    30 ||    61
       Stoneskin         |       |       |     1 ||     1
Evoke: Wand              |       |       |     6 ||     6
  Use: Scroll            |       |       |    13 ||    13
       Potion            |       |       |     1 ||     1
 Stab: Sleeping          |       |     3 |     1 ||     4
  Eat: Chunk             |     1 |     7 |     4 ||    12
